 Dungeon Crawl Stone Soup version 0.30-a0-948-g4fa250aae5 (webtiles) character file.

Game seed: 15399495845916421937

82 DeathPants the Sneak (level 4, -1/24 HPs)
             Began as a Vine Stalker Monk on Mar 26, 2023.
             Succumbed to a water moccasin's poison
             ... on level 2 of the Dungeon.
             The game lasted 00:06:07 (1729 turns).

DeathPants the Sneak (Vine Stalker Monk)            Turns: 1729, Time: 00:06:07

Health: -1/24      AC:  6    Str: 15    XL:     4   Next: 43%
Magic:  2/7        EV: 15    Int: 16    God:
Gold:   133        SH:  0    Dex: 17    Spells: 6/6 levels left

rFire   . . .      SeeInvis .    a - +0 hand axe
rCold   . . .      Faith    .    (no shield)
rNeg    . . .      Spirit   +    p - +0 scale mail
rPois   .          Reflect  .    (no helmet)
rElec   .          Rampage  .    (no cloak)
rCorr   .                        (no gloves)
Will    +....                    (no boots)
Stlth   +                        (no amulet)
HPRegen 1.04/turn                g - +6 ring of intelligence
MPRegen 0.10/turn                n - +5 ring of evasion

@: lethally poisoned (-1 -> -12), attractive
A: fangs 2, regeneration 1, magic shield, antimagic bite, no potion heal 2,
strong-willed 1
a: no special abilities


You were on level 2 of the Dungeon.
You visited 1 branch of the dungeon, and saw 3 of its levels.

You collected 133 gold pieces.

Inventory:

Hand Weapons
 a - a +0 hand axe (weapon)
Missiles
 k - 4 poisoned darts (quivered)
 l - 2 boomerangs
Armour
 b - a +0 robe
 m - a +0 leather armour
 p - a +0 scale mail (worn)
Jewellery
 g - a +6 ring of intelligence (left hand)
 h - a ring of protection from cold
 n - a +5 ring of evasion (right hand)
Scrolls
 d - a scroll of noise {unknown}
 e - 2 scrolls of teleportation {unknown}
 f - 4 scrolls of amnesia {unknown}
 i - a scroll of enchant weapon {unknown}
 j - 2 scrolls of identify {unknown}


   Skills:
 + Level 3.3 Fighting
 - Level 2.6 Axes
 + Level 2.9 Dodging
 + Level 3.6 Stealth
 + Level 1.6 Spellcasting


You had 6 spell levels left.
You didn't know any spells.
Your spell library was empty.

Dungeon Overview and Level Annotations

Branches:
Dungeon (3/15)

Altars:

Shops:
D:2 :[(


Innate Abilities, Weirdness & Mutations

You have extremely sharp teeth.
Your natural rate of healing is unusually fast.
When hurt, damage is shared between your health and your magic reserves.
Your bite disrupts and absorbs the magic of your enemies.
Potions cannot restore your health.
You are strong-willed. (Will+)


Message History

You barely miss the orc. The orc misses you.
The water moccasin barely misses you. The orc hits you with a +0 short sword.
The water moccasin bites you but does no damage.
You climb upwards.
There is a stone staircase leading down here.
Okay, then.
You closely miss the water moccasin. Your bite misses the water moccasin.
You barely miss the orc. The water moccasin barely misses you.
The orc misses you. The water moccasin bites you.
You are poisoned.
The water moccasin poisons you!
You completely miss the water moccasin. Your bite misses the water moccasin.
You closely miss the orc.
You feel very sick. The orc hits you but does no damage.
The water moccasin bites you.
It was a potion of mutation.
You feel extremely strange.
You feel strong-willed.
You feel sick. The water moccasin closely misses you.
The orc closely misses you. The water moccasin bites you.
You are more poisoned.
The water moccasin poisons you!
It was a potion of attraction.
You feel attractive to monsters.
You feel very sick. The orc completely misses you.
The water moccasin bites you.
* * * LOW HITPOINT WARNING * * *
You are lethally poisoned!
The water moccasin poisons you!
You hit the orc.
The orc is moderately wounded.
You barely miss the water moccasin.
* * * LOW HITPOINT WARNING * * *
You feel very sick. The water moccasin closely misses you.
The orc hits you with a +0 short sword.
The water moccasin completely misses you.
You hit the orc.
You kill the orc!
You miss the water moccasin.
You die...

#.# #.....##†.....# #.#
##.....†##.#### #.#
#.......##.#
########.####..#.......#
#......#.......#.##.####
#.####<# ###.......#
....##.# #.#####.#
#.#.##.# #.#####.#
.......# #..S@)..#
.......# #########
.##.##.# .##....#
.####..### .##......#
.......#.# ###.#.##.#
#.#.##.#


You could see a water moccasin.

Vanquished Creatures
  5 adders (D:2)
  A worm (D:2)
  An orc (D:2)
  4 ball pythons
  A bat (D:1)
  An endoplasm (D:1)
  3 giant cockroaches
  3 goblins
  4 hobgoblins
  3 jackals (D:2)
  2 quokkas (D:1)
  2 frilled lizards
  A kobold (D:2)
  4 rats
35 creatures vanquished.

Notes
Turn   | Place    | Note
-------+----------+-------------------------------------------
     0 | D:1      | DeathPants the Vine Stalker Monk began the quest for the
                  | Orb.
     0 | D:1      | Reached XP level 1. HP: 11/11 MP: 2/2
    37 | D:1      | Reached XP level 2. HP: 16/16 MP: 3/3
    57 | D:1      | Found a faded altar of an unknown god.
   333 | D:1      | Reached skill level 1 in Spellcasting
   352 | D:1      | Reached XP level 3. HP: 16/20 MP: 2/5
  1146 | D:2      | Found Upevvof's Book Shop.
  1394 | D:2      | Gained mutation: Your natural rate of healing is unusually
                  | fast. [Vine Stalker growth]
  1394 | D:2      | Reached XP level 4. HP: 22/24 MP: 7/7
  1408 | D:2      | Found Ammu's Armour Emporium.
  1647 | D:2      | Found Tontou's Weapon Boutique.
  1718 | D:3      | Noticed a water moccasin
  1726 | D:2      | Gained mutation: You are strong-willed. (Will+) [potion of
                  | mutation]
  1728 | D:2      | HP: 1/24 [poisoned by a water moccasin]
  1729 | D:2      | Succumbed to a water moccasin's poison

Illustrated notes

Levels and vault maps discovered:
D:1:      minmay_arrival_open_corners, layout_basic,
          chequers_ecumenical_altar_island
D:2:      cheibrodos_greedy_goblins, layout_loops_cross, serial_shops, shop,
          shop, shop, minmay_pentomino_p4
D:3:      layout_basic, nicolae_overflow_hidden_temple, portal_sewer_entry_b,
          minivault_19, minmay_misc_feat_square, nicolae_figureground_sparkle

Skill      XL: |  1  2 |
---------------+-------+-----
Stealth        | 3 |  3.6
Spellcasting   | 1 |  1.6
Fighting       | 3 |  3.3
Axes           | |  2.6
Dodging        | |  2.9

Action                     |  1- 3 |  4- 6 || total
---------------------------+-------+-------++-------
  Melee: Hand axe          |    87 |    20 ||   107
         Bite              |    24 |     3 ||    27
         Punch             |     1 |       ||     1
    Use: Potion            |     1 |     2 ||     3
   Stab: Sleeping          |     2 |       ||     2
         Distracted        |     1 |       ||     1
 Armour: Robe              |     9 |       ||     9
         Leather armour    |     2 |     2 ||     4
         Scale mail        |       |     2 ||     2
  Dodge: Dodged            |    75 |    20 ||    95

Table legend: (Time is in decaauts)
 A = Elapsed time spent in this place.
 B = Non-inter-level travel time spent in this place.
 C = Inter-level travel time spent in this place.
 D = Time resting spent in this place.
 E = Time spent auto-exploring this place.
 F = Levels seen in this place.
 G = Mean time per level.
                   A        B        C        D        E       F      G
               +--------+--------+--------+--------+--------+-----+--------+
         Total |   1746 |   1699 |     47 |      0 |   1267 |   3 |  582.0 |
       Dungeon |   1746 |   1699 |     47 |      0 |   1267 |   3 |  582.0 |
               +--------+--------+--------+--------+--------+-----+--------+

Top non-repeatable levels by time:
     D:1: 911 daAuts
     D:2: 814 daAuts
     D:3: 20 daAuts
